Workbook
Name AA: #REF!
Name Answers_to_Template4_Q: #REF!
Name Answers_to_Template4_Q: #REF!
Name Cost_Changes: #REF!
Name Cost_Changes: #REF!
Name EE: #REF!
Name Names_cells: #REF!
Name Names_cells: #REF!
Name QQ: #REF!
Name RR: #REF!
Name SS: #REF!
Name TOTAL_E: #REF!
Name TOTAL_E: #REF!
Name TOTAL_I: #REF!
Name TOTAL_I: #REF!
Name TOTAL_M: #REF!
Name TOTAL_M: #REF!
Name TT: #REF!
Name WW: #REF!
Name XX: #REF!
Name Years: #REF!
Name Years: #REF!
Name YY: #REF!

Sheet COVER SHEET
J2: ANNEXURE 1
A14: PRICING SUBMISSION
A17: RFP NO: | E17: SAQA
A19: RFP NAME: | E19: TRAVEL MANAGEMENT SERVICES FOR THREE YEARS (36 MONTHS)
A21: BIDDER NAME
A24: PRICE INSTRUCTIONS
A26: 1. STRUCTURE OF THE TENDER
A27: This spreadsheet for RFQ- SAQA contains the financial response templates for the bid. The bid pricing submission instructions in this document must be read in conjunction with instructions or notes embedded in the various tabs of the spreadsheet (Pricing Schedule).
A29: 2. GENERAL INSTRUCTIONS FOR COMPLETING THE PRICING SCHEDULE TEMPLATES
A30: 2.1 Tender submission format
A31: 2.1.1 Bidders must submit a paper copy of the Pricing Schedule. It is advisable that the bidder completes the pricing schedule
A32: electronically and print it out once completed, and submit as part of the bid proposal.
A33: 2.1.2 Bidders must sign all paper copies of their Pricing Schedule.
A34: 2.1.3 Bidders must complete and submit the template attached , which is an offsite transactional fee model.
A35: 2.1.4 Bidders must reference the Bid main document section 14. (b) for current travel volumes.
A36: 2.2 Input spreadsheets
... A46: 2.3.3 The Pricing Schedule template is designed such that VAT will be calculated on Bidders’ input pricing; therefore Bidders must complete the templates with unit prices including VAT.

Sheet 2. TRANSACTION FEE OFFSITE E.G.
C1: ANNEXURE A2: TRANSACTION FEE MODEL
C4: OFF-SITE SERVICES
A7: RFQ NO: | C7: ='COVER SHEET'!$E17 -> SAQA
A8: RFQ NAME: | C8: ='COVER SHEET'!$E19 -> TRAVEL MANAGEMENT SERVICES FOR THREE YEARS (36 MONTHS)
A9: BIDDER NAME | C9: ='COVER SHEET'!$E21 -> 0
A10: The bidders will be evaluated according to pricing and B-BBEE criteria.
A11: Bidders must indicate the pricing for Year One (1).
A12: CPI of 1% has been applied for Years Two (2) to Year Three (3). It remains the responsibility of the bidder to ensure that the calculations are correct when making use of this
A13: template. The Department of Sport, Arts and Culture will not take responsibility for incorrect calculations and only provided the template to make it easier for the bidders to calculate their final price.
D14: Transaction fee Year 1 (Incl. VAT) | F14: Transaction fee Year 2 (Incl. VAT) | H14: Transaction fee Year 3 (Incl. VAT) | J14: Total Price for Three (3) Years (Including VAT)
A15: ITEM | B15: Transaction Type | C15: Estimated Number of Transactions Per Year for Evaluation purposes only | D15: Unit Price (incl VAT) | E15: TOTAL Price (incl VAT) | F15: Unit Price (incl VAT) | G15: TOTAL Price (incl VAT) | H15: Unit Price (incl VAT) | I15: TOTAL Price (incl VAT)
A16: 1 | B16: Air Travel – International | C16: 10 | E16: =D16*C16 -> 0 | F16: =(D16*1%)+D16 -> 0 | G16: =F16*C16 -> 0 | H16: =(F16*1%)+F16 -> 0 | I16: =H16*C16 -> 0 | J16: =(E16+G16+I16) -> 0
A17: 2 | B17: Air Travel – Regional | C17: 4 | E17: =D17*C17 -> 0 | F17: =(D17*1%)+D17 -> 0 | G17: =F17*C17 -> 0 | H17: =(F17*1%)+F17 -> 0 | I17: =H17*C17 -> 0 | J17: =(E17+G17+I17) -> 0
A18: 3 | B18: Air Travel – Domestic | C18: 25 | E18: =D18*C18 -> 0 | F18: =(D18*1%)+D18 -> 0 | G18: =F18*C18 -> 0 | H18: =(F18*1%)+F18 -> 0 | I18: =H18*C18 -> 0 | J18: =(E18+G18+I18) -> 0
A19: 10 | B19: Car Rental (Without petrol card) All Types – International | C19: 10 | E19: =D19*C19 -> 0 | F19: =(D19*1%)+D19 -> 0 | G19: =F19*C19 -> 0 | H19: =(F19*1%)+F19 -> 0 | I19: =H19*C19 -> 0 | J19: =(E19+G19+I19) -> 0
A20: 11 | B20: Car Rental (Without petrol card) All Types – Regional | C20: 4 | E20: =D20*C20 -> 0 | F20: =(D20*1%)+D20 -> 0 | G20: =F20*C20 -> 0 | H20: =(F20*1%)+F20 -> 0 | I20: =H20*C20 -> 0 | J20: =(E20+G20+I20) -> 0
A21: 12 | B21: Car Rental (Without petrol card) All Types – Domestic | C21: 25 | E21: =D21*C21 -> 0 | F21: =(D21*1%)+D21 -> 0 | G21: =F21*C21 -> 0 | H21: =(F21*1%)+F21 -> 0 | I21: =H21*C21 -> 0 | J21: =(E21+G21+I21) -> 0
A22: 13 | B22: Transfers (Point 2 Point) and Shuttle – International | C22: 5 | E22: =D22*C22 -> 0 | F22: =(D22*1%)+D22 -> 0 | G22: =F22*C22 -> 0 | H22: =(F22*1%)+F22 -> 0 | I22: =H22*C22 -> 0 | J22: =(E22+G22+I22) -> 0
A23: 14 | B23: Transfers (Point 2 Point) and Shuttle – Regional | C23: 2 | E23: =D23*C23 -> 0 | F23: =(D23*1%)+D23 -> 0 | G23: =F23*C23 -> 0 | H23: =(F23*1%)+F23 -> 0 | I23: =H23*C23 -> 0 | J23: =(E23+G23+I23) -> 0
A24: 15 | B24: Transfers (Point 2 Point) and Shuttle – Domestic | C24: 4 | E24: =D24*C24 -> 0 | F24: =(D24*1%)+D24 -> 0 | G24: =F24*C24 -> 0 | H24: =(F24*1%)+F24 -> 0 | I24: =H24*C24 -> 0 | J24: =(E24+G24+I24) -> 0
A25: 16 | B25: Accommodation – International | C25: 10 | E25: =D25*C25 -> 0 | F25: =(D25*1%)+D25 -> 0 | G25: =F25*C25 -> 0 | H25: =(F25*1%)+F25 -> 0 | I25: =H25*C25 -> 0 | J25: =(E25+G25+I25) -> 0
A26: 17 | B26: Accommodation – Regional | C26: 4 | E26: =D26*C26 -> 0 | F26: =(D26*1%)+D26 -> 0 | G26: =F26*C26 -> 0 | H26: =(F26*1%)+F26 -> 0 | I26: =H26*C26 -> 0 | J26: =(E26+G26+I26) -> 0
A27: 18 | B27: Accommodation – Domestic | C27: 25 | E27: =D27*C27 -> 0 | F27: =(D27*1%)+D27 -> 0 | G27: =F27*C27 -> 0 | H27: =(F27*1%)+F27 -> 0 | I27: =H27*C27 -> 0 | J27: =(E27+G27+I27) -> 0
... A37: 38 | B37: Monthly Management Reports | C37: 36 | E37: =D37*C37 -> 0 | F37: =(D37*1%)+D37 -> 0 | G37: =F37*C37 -> 0 | H37: =(F37*1%)+F37 -> 0 | I37: =H37*C37 -> 0 | J37: =(E37+G37+I37) -> 0
B38: Total | C38: =SUM(C16:C37) -> 234 | E38: =SUM(E16:E37) -> 0 | G38: =SUM(G16:G37) -> 0 | I38: =SUM(I16:I37) -> 0 | J38: =SUM(J16:J37) -> 0
A39: PRICE THAT WILL BE USED FOR EVALUATION PURPOSES | D39: =J38 -> 0
A41: I, the undersigned (Full name and surname)
A43: …………………………………………………………………………………………………………………………………...
A45: Certify that the information as provided in the table above is true and correct (recalculated), and understood the above document in full.
A49: ……………………………………….. | D49: …………………………..
A50: Signature | D50: Date

Sheet Price Declaration 
C10: ANNEXURE A3
A11: RFP NO: | C11: ='COVER SHEET'!$E$17 -> SAQA
A12: RFP NAME: | C12: ='COVER SHEET'!$E$19 -> TRAVEL MANAGEMENT SERVICES FOR THREE YEARS (36 MONTHS)
A13: BIDDER NAME | C13: ='COVER SHEET'!$E$21 -> 0
A16: Price Declaration
A17: Dear Sir/Madam,
A19: Having read through and examined the Request For Quotation (RFQ) Document, the General Conditions, the requirement and all other Annexures to the RFP Document, we offer to provide OFF-SITE travel management service to the South African Qualifications Authority at the following total amounts (including VAT):
A21: Template 1: Transaction Fee (Off-Site)
A22: ='2. TRANSACTION FEE OFFSITE E.G.'!J38 -> 0 | C22: (incl. VAT)
A23: In words:
A27: We undertake to hold this offer open for acceptance for a period of 90 days from the date of submission of offers. We further undertake that upon final acceptance of our offer, we will commence with the provision of service when required to do so by theSouth African Qualifications Authority.
A29: We understand that the South African Qualifications Authority are not bound to accept the lowest or any offer and that we must bear all costs which we have incurred in connection with preparing and submitting this bid.
A31: We hereby undertake for the period during which this bid remains open for acceptance not to divulge to any persons, other than the persons to which the bid is submitted, any information relating to the submission of this bid or the details therein except where such is necessary for the submission of this bid.
A33: Signature | E33: Date
A34: Print name of signatory: …………………………………………………………………………….
A35: Designation: ………………………………………………………………………………………….
A37: FOR AND ON BEHALF OF: COMPANY NAME
A39: Tel No: ……………………………………….
A40: Fax No: ……………………………………….
A41: Cell No: ……………………………………….
